Map: Dusk Towers

Players

IdesHatred - Winner!

  • Race: Zerg Zerg
  • League: Platinum

MotherMoose

  • Race: Protoss Protoss
  • League: Gold

VOD

Have the link to the VOD?

Description

Time

  • Played on: Jan. 22, 2016, 10:45 p.m.
  • Length: 14:12
Show
View Real Time Build Order
Export as new Build Order

IdesHatred Zerg - Winner!

Build Orders: Hatch First 

Get SALT Encoding   

  12  0:01  Drone  
  13  0:15  Drone  
  13  0:18  Overlord  
  14  0:28  Extractor, Drone  
  15  0:39  Drone x2  
  17  0:51  Drone  
  17  0:54  Extractor  
  17  1:06  Drone  
  17  1:07  Hatchery  
  17  1:13  Drone  
  18  1:22  Spawning Pool  
  17  1:28  Drone  
  17  1:30  Drone  
  19  1:42  Drone  
  20  1:52  Overlord  
  20  2:13  Zergling x4  
  20  2:14  Queen  
  24  2:16  Metabolic Boost  
  24  2:18  Queen  
  24  2:20  Zergling x2  
  27  2:30  Drone x2  
  27  2:34  Drone  
  30  2:42  Zergling x2  
  31  2:46  Drone  
  32  2:51  Drone  
  32  2:52  Evolution Chamber  
  32  2:53  Evolution Chamber  
  31  3:00  Drone  
  31  3:02  Drone  
  33  3:06  Queen  
  33  3:08  Overlord  
  35  3:19  Zerg Melee Weapons Level 1  
  35  3:20  Zerg Missile Weapons Level 1  
  35  3:22  Drone  
  35  3:25  Overlord  
  36  3:39  Zergling x8  
  36  3:40  Drone  
  36  3:41  Drone  
  42  3:47  Lair  
  42  4:03  Drone x5  
  42  4:04  Drone x2  
  49  4:10  Zergling x2  
  49  4:11  Zergling x4  
  52  4:24  Extractor  
  52  4:29  Drone  
  52  4:33  Overlord  
  52  4:34  Extractor  
  52  4:35  Overlord  
  51  4:38  Extractor  
  51  4:42  Hatchery  
  49  4:56  Zergling x2  
  49  4:57  Zergling x10  
  49  4:59  Drone  
  56  5:00  Drone x2  
  58  5:17  Drone x4  
  62  5:22  Drone  
  62  5:23  Drone x2  
  65  5:29  Drone x2  
  67  5:36  Burrow  
  67  5:37  Zergling x2  
  68  5:43  Roach Warren  
  68  5:45  Zerg Missile Weapons Level 2, Zerg Ground Armor Level 1  
  68  5:46  Hydralisk Den  
  68  5:47  Drone x2  
  68  5:54  Drone x4  
  68  5:55  Drone  
  68  5:56  Drone  
  69  6:22  Zergling x4  
  69  6:23  Overlord, Zergling x8  
  69  6:24  Overlord x2  
  73  6:26  Pneumatized Carapace  
  73  6:30  Overlord x3  
  73  6:35  Muscular Augments  
  73  6:56  Zergling x2  
  73  6:57  Zergling x14  
  81  7:08  Roach x7  
  87  7:14  Roach  
  93  7:17  Queen  
  93  7:18  Roach  
  93  7:19  Roach  
  93  7:20  Roach, Glial Reconstitution  
  101  7:28  Roach  
  105  7:30  Roach, Evolution Chamber, Hydralisk  
  105  7:32  Hydralisk  
  105  7:33  Hydralisk x2  
  112  7:42  Roach x2  
  112  7:43  Roach x3  
  122  8:04  Overlord x3  
  122  8:11  Zerg Melee Weapons Level 2  
  122  8:13  Zerg Ground Armor Level 2  
  122  8:15  Hatchery  
  121  8:30  Baneling Nest  
  121  8:31  Roach x5  
  121  8:32  Roach  
  132  8:54  Ravager x4  
  132  8:55  Overlord x4  
  136  9:05  Infestation Pit  
  135  9:15  Overseer x2  
  135  9:20  Hydralisk  
  135  9:21  Hydralisk x4  
  145  9:35  Drone  
  145  9:36  Drone x7  
  145  9:38  Overlord x3  
  153  9:40  Zergling x6  
  153  9:41  Zergling x6  
  159  10:20  Roach x6  
  159  10:21  Roach x9  
  189  10:23  Ravager x2  
  189  10:24  Ravager x3  
  189  10:26  Baneling  
  189  10:27  Baneling  
  189  10:28  Baneling  
  194  10:30  Baneling  
  194  10:32  Baneling  
  139  11:03  Zergling x4  
  139  11:04  Zergling x22  
  135  11:21  Zergling x2  
  135  11:22  Zergling x8  
  135  11:33  Drone x4  
  135  11:38  Pathogen Glands  
  135  11:39  Hive  
  139  11:40  Drone x4  
  139  11:44  Extractor  
  139  11:45  Extractor  
  141  12:01  Roach x5  
  143  12:02  Roach x3  
  141  12:35  Hydralisk x5  
  141  12:36  Hydralisk x12  
  161  13:00  Zergling x12  
  161  13:01  Zergling x18  
Show
View Real Time Build Order
Export as new Build Order

MotherMoose Protoss 

Build Orders: 1 Gate Expand, Blink Stalkers 

Get SALT Encoding   

  12  0:01  Probe (Chrono Boost)  
  13  0:11  Probe (Chrono Boost)  
  14  0:21  Pylon  
  14  0:34  Probe (Chrono Boost)  
  15  0:39  Gateway  
  15  0:45  Probe (Chrono Boost)  
  15  0:47  Assimilator  
  16  0:55  Probe (Chrono Boost)  
  17  1:06  Probe (Chrono Boost)  
  18  1:20  Probe (Chrono Boost)  
  19  1:29  Nexus  
  19  1:31  Probe (Chrono Boost)  
  20  1:36  Cybernetics Core  
  20  1:41  Probe (Chrono Boost)  
  21  1:51  Assimilator  
  21  1:53  Probe (Chrono Boost)  
  22  1:54  Pylon  
  22  2:04  Probe (Chrono Boost)  
  23  2:15  Probe (Chrono Boost)  
  24  2:16  Gateway  
  24  2:23  Warp Gate  
  24  2:25  Probe (Chrono Boost)  
  24  2:36  Mothership Core (Chrono Boost)  
  26  2:38  Zealot  
  26  2:43  Gateway  
  28  2:48  Probe (Chrono Boost)  
  29  2:55  Probe (Chrono Boost)  
  31  2:58  Probe (Chrono Boost)  
  32  3:05  Probe (Chrono Boost)  
  32  3:10  Twilight Council  
  32  3:13  Pylon  
  32  3:14  Probe (Chrono Boost)  
  32  3:16  Probe (Chrono Boost)  
  34  3:25  Probe (Chrono Boost)  
  34  3:27  Probe (Chrono Boost)  
  36  3:31  Adept  
  38  3:40  Probe x2 (Chrono Boost)  
  40  3:46  Blink  
  40  3:47  Robotics Facility  
  40  3:50  Probe (Chrono Boost)  
  40  3:53  Assimilator  
  41  3:57  Assimilator  
  41  3:58  Probe (Chrono Boost)  
  44  4:07  Probe (Chrono Boost)  
  44  4:08  Probe (Chrono Boost)  
  46  4:17  Probe (Chrono Boost)  
  46  4:19  Probe (Chrono Boost)  
  46  4:28  Probe (Chrono Boost)  
  46  4:29  Stalker x2, Probe (Chrono Boost)  
  52  4:34  Forge  
  52  4:37  Gateway  
  52  4:44  Observer  
  51  4:47  Stalker  
  51  4:50  Probe (Chrono Boost)  
  54  4:53  Pylon  
  54  5:06  Robotics Bay  
  54  5:12  Probe (Chrono Boost)  
  55  5:17  Stalker  
  55  5:19  Zealot x2  
  61  5:22  Observer  
  62  5:30  Pylon, Protoss Ground Weapons Level 1  
  62  5:33  Pylon  
  62  5:36  Pylon  
  62  5:39  Forge  
  62  5:52  Stalker  
  64  6:08  Stalker x3  
  64  6:10  Nexus  
  68  6:22  Nexus  
  68  6:24  Pylon  
  68  6:25  Adept  
  68  6:26  Pylon  
  68  6:27  Disruptor  
  68  6:28  Pylon  
  68  6:32  Adept x2  
  75  6:33  Adept  
  79  6:47  Adept  
  79  6:50  Probe x2 (Chrono Boost)  
  79  6:53  Protoss Ground Armor Level 1  
  83  6:56  Resonating Glaives  
  83  7:00  Adept x3  
  89  7:18  Adept  
  91  7:25  Probe (Chrono Boost)  
  91  7:26  Disruptor, Probe (Chrono Boost)  
  91  7:29  Adept x3  
  102  7:36  Probe (Chrono Boost)  
  103  7:40  Stalker  
  103  7:41  Probe x2 (Chrono Boost)  
  107  7:47  Probe (Chrono Boost)  
  108  7:59  Adept x3  
  108  8:04  Probe x3 (Chrono Boost)  
  117  8:06  Adept  
  117  8:09  Colossus  
  125  8:24  Pylon  
  125  8:26  Pylon  
  125  8:27  Assimilator, Pylon  
  125  8:30  Pylon  
  125  8:32  Assimilator  
  125  8:42  Probe x3 (Chrono Boost)  
  125  8:43  Adept  
  125  8:44  Adept x3  
  136  8:50  Protoss Ground Armor Level 2 (Chrono Boost)  
  136  8:52  Probe (Chrono Boost)  
  136  8:53  Protoss Ground Weapons Level 2 (Chrono Boost)  
  137  8:55  Gateway  
  137  8:57  Gateway  
  137  9:00  Gateway  
  137  9:08  Adept x4  
  145  9:11  Probe x3 (Chrono Boost)  
  145  9:14  Colossus  
  148  9:22  Probe (Chrono Boost)  
  155  9:32  Stalker  
  156  9:43  Pylon  
  156  9:45  Pylon  
  156  9:47  Pylon  
  156  9:49  Pylon  
  156  10:06  Stalker x3  
  156  10:07  Stalker  
  164  10:10  Nexus  
  164  10:12  Pylon  
  164  10:13  Pylon  
  164  10:15  Pylon  
  164  10:16  Pylon  
  164  10:30  Stalker  
  164  10:31  Stalker x3  
  172  10:36  Gateway  
  109  11:09  Stalker x4  
  91  11:31  Disruptor  
  89  11:33  Stalker x4  
  89  11:34  Protoss Ground Armor Level 3 (Chrono Boost)  
  102  11:40  Stalker x3  
  106  11:48  Probe x3  
  106  11:53  Stalker  
  111  11:59  Stalker, Dark Shrine  
  111  12:00  Stalker x3  
  119  12:10  Robotics Facility  
  82  12:26  Stalker x2  
  82  12:27  Stalker x4  
  82  12:28  Stalker x2  
  98  12:32  Immortal  
Tags
 
Add a new tag
Caveats
  • Supply blocks, unpowered buildings, or Contaminate may cause inaccurate times.
  • Supply counts are checked every 10 seconds.